 Dungeon Crawl Stone Soup version 0.21.1-1-g345015fe64 (webtiles) character file.

67 Jens78 the Skirmisher (level 4, 0/36 HPs)
             Began as a Demonspawn Monk on June 11, 2018.
             Slain by an orc
             ... wielding a +0 club
              (2 damage)
             ... on level 3 of the Dungeon on June 12, 2018.
             The game lasted 00:10:36 (951 turns).

Jens78 the Skirmisher (Demonspawn Monk)              Turns: 951, Time: 00:10:37

Health: 0/36       AC:  3    Str: 11    XL:     4   Next: 0%
Magic:  0/4        EV: 13    Int: 11    God:
Gold:   100        SH:  0    Dex: 17    Spells: 3/3 levels left

rFire    . . .     SeeInvis .   a - +0 mace
rCold    . . .     Gourm    .   (no shield)
rNeg     . . .     Faith    .   b - +0 robe
rPois    .         Spirit   +   (no helmet)
rElec    .         Reflect  .   (no cloak)
rCorr    .         Harm     .   (no gloves)
MR       .....                  (no boots)
Stlth    ++........             (no amulet)
HPRegen  0.12/turn              (no ring)
MPRegen  0.09/turn              (no ring)

@: no status effects
A: talons 1, rugged brown scales 1, magic shield
a: no special abilities


You were on level 3 of the Dungeon.
You were not hungry.

You visited 1 branch of the dungeon, and saw 4 of its levels.

You collected 100 gold pieces.

Inventory:

Hand Weapons
 a - a +0 mace (weapon)
 q - a +2 mace of crushing
Missiles
 d - 18 stones (quivered)
 j - 23 poisoned needles
 l - 68 arrows
 n - 7 bolts
Armour
 b - a +0 robe (worn)
 k - a +2 pair of gloves
 s - a +0 large shield
 u - a +0 leather armour
Scrolls
 e - 3 scrolls of identify {unknown}
 h - a scroll of magic mapping {unknown}
 i - a scroll of immolation {unknown}
 o - a scroll of fear {unknown}
 r - a scroll of enchant armour {unknown}
 w - a scroll of enchant weapon {unknown}
Potions
 g - a potion of curing {unknown}
 m - 2 potions of ambrosia {unknown}
 p - a potion of brilliance {unknown}
 t - a potion of heal wounds {unknown}
Books
 v - a book of Frost

   Spells                             Type                      Level
   a - Freeze                         Ice                          1
   b - Throw Frost                    Conjuration/Ice              2
   c - Ozocubu's Armour               Charms/Ice                   3
   d - Throw Icicle                   Conjuration/Ice              4
   e - Summon Ice Beast               Ice/Summoning                4
Comestibles
 c - 5 rations
 f - a chunk of flesh


   Skills:
 + Level 3.5 Fighting
 + Level 3.5 Maces & Flails
 + Level 3.1 Dodging
 + Level 2.1 Stealth


You had 3 spell levels left.
You didn't know any spells.

Dungeon Overview and Level Annotations

Branches:
Dungeon (4/15)
 Temple: D:4-7

Altars:


Innate Abilities, Weirdness & Mutations

You have sharp toenails.
You are partially covered in rugged brown scales. (AC +1, +3% HP)
When hurt, damage is shared between your health and your magic reserves.


Message History

The orc priest is almost dead.
The orc misses you.
The orc priest mumbles some strange prayers to Beogh against you.
Pain shoots through your body!
You hit the orc priest. Your kick misses the orc priest.
The orc priest is almost dead.
The orc closely misses you. The orc priest hits you. The orc misses you.
The orc priest hits you.
* * * LOW HITPOINT WARNING * * *
You hit the orc priest.
You kill the orc priest!
You have reached level 4!
You feel agile.
Your demonic ancestry asserts itself...
Rugged brown scales grow over part of your body.
The orc hits you with a club.
* * * LOW HITPOINT WARNING * * *
You hit the orc.
The orc is severely wounded.
The orc hits you with a club.
You die...

....### ..... ####...#
#...o..######.
#.......... .
#..o###### #. #.#...#
##### #. ##.###o#
#.....
#....@[###........ ##
#...###...#..#.##.. #.
. #####.....#..#.. #.
.........<...#.. ###.
##.....#...##..# #...
#.....#...##.# ####...
............#.###....##
........<.#............
##......#.##.........##


You could see an orc.

Vanquished Creatures
  An orc priest (D:3)
  A dart slug (D:1)
  A leopard gecko (D:1)
  An orc (D:3)
  3 ball pythons
  5 bats
  2 giant cockroaches
  7 goblins
  3 hobgoblins (D:1)
  4 kobolds
  A frilled lizard (D:2)
  4 rats (D:1)
33 creatures vanquished.

Notes
Turn   | Place    | Note
-------+----------+-------------------------------------------
     0 | D:1      | Jens78 the Demonspawn Monk began the quest for the Orb.
     0 | D:1      | Reached XP level 1. HP: 18/18 MP: 1/1
    90 | D:1      | Gained mutation: You have sharp toenails. [demonic ancestry]
    90 | D:1      | Reached XP level 2. HP: 11/24 MP: 2/2
   694 | D:2      | Gained mutation: When hurt, damage is shared between your health and your magic reserves. [demonic ancestry]
   694 | D:2      | Reached XP level 3. HP: 29/29 MP: 3/3
   950 | D:3      | Gained mutation: You are partially covered in rugged brown scales. (AC +1, +3% HP) [demonic ancestry]
   950 | D:3      | Reached XP level 4. HP: 7/36 MP: 0/4
   951 | D:3      | Slain by an orc

Skill      XL: |  1  2  3 |
---------------+----------+-----
Maces & Flails | 3 |  3.5
Dodging        | 3 |  3.1
Stealth        | 2 |  2.1
Fighting       | |  3.5

Action                   |  1- 3 |  4- 6 || total
-------------------------+-------+-------++-------
Melee: Mace              |    75 |     1 ||    76
       Kick              |    12 |       ||    12
 Stab: Sleeping          |     4 |       ||     4
Armor: Robe              |    12 |       ||    12
Dodge: Dodged            |    49 |       ||    49
